 Dungeon Crawl Stone Soup version 0.29-a0-271-gd4eb659eea (webtiles) character file.

Game seed: 15362238785672979248

30 snetch the Chopper (level 3, -1/49 HPs)
             Began as a Minotaur Berserker on Mar 8, 2022.
             Was a Follower of Trog.
             Slain by Sigmund
             ... wielding a +1 vampiric scythe
              (13 damage)
             ... on level 2 of the Dungeon.
             The game lasted 00:02:06 (1053 turns).

snetch the Chopper (Minotaur Berserker)             Turns: 1053, Time: 00:02:06

Health: -1/49      AC:  5    Str: 23    XL:     3   Next: 5%
Magic:  2/2        EV:  8    Int:  4    God:    Trog [*.....]
Gold:   61         SH:  0    Dex:  9    Spells: 2/2 levels left

rFire   . . .      SeeInvis .   c - +1 whip (vamp)
rCold   . . .      Faith    .   (no shield)
rNeg    . . .      Spirit   .   h - +0 ring mail
rPois   .          Reflect  .   (helmet restricted)
rElec   .          Harm     .   (no cloak)
rCorr   .          Rampage  .   (no gloves)
Will    .....                   (no boots)
Stlth   ..........              (no amulet)
HPRegen 0.16/turn               (no ring)
MPRegen 0.08/turn               (no ring)

@: berserking, constricted, very quick
A: horns 2, retaliatory headbutt
a: Renounce Religion, Berserk


You were on level 2 of the Dungeon.
You worshipped Trog.
Trog was aware of your devotion.
You visited 1 branch of the dungeon, and saw 2 of its levels.

You collected 61 gold pieces.

Inventory:

Hand Weapons
 a - a +0 hand axe
 b - a +0 flail
 c - a +1 vampiric whip (weapon)
Missiles
 e - 93 stones (quivered)
Armour
 h - a +0 ring mail (worn)
Scrolls
 d - a scroll of enchant weapon {unknown}
 f - a scroll of torment {unknown}
 g - a scroll of enchant armour {unknown}
 j - a scroll of fear {unknown}
Potions
 i - 2 potions of curing {unknown}


   Skills:
 + Level 4.1 Fighting
 + Level 4.3 Axes
 + Level 0.5(2.7) Maces & Flails
 + Level 2.7 Armour
 + Level 2.2 Dodging
 + Level 0.3 Stealth


You had 2 spell levels left.
You didn't know any spells.
Your spell library was empty.

Dungeon Overview and Level Annotations

Branches:
Dungeon (2/15)

Altars:

Annotations:
D:2 Sigmund


Innate Abilities, Weirdness & Mutations

You have a pair of horns on your head.
You reflexively headbutt those who attack you in melee.


Message History

Okay, then.
Sigmund shouts!
The ball python bites you but does no damage.
The ball python barely misses you.
Sigmund points at you and mumbles some strange words.
The puff of flame hits you! The ball python barely misses you.
The ball python closely misses you. Sigmund barely misses you.
The ball python bites you but does no damage.
The ball python closely misses you.
The ball python attacks as you move away!
The ball python bites you but does no damage.
The ball python misses you. Sigmund barely misses you.
A red film seems to cover your vision as you go berserk!
You feel yourself moving faster!
You feel mighty! The ball python barely misses you. x2
You whack Sigmund!
You feel better.
Sigmund is moderately wounded.
The ball python bites you. The ball python grabs you.
The ball python constricts you.
Sigmund hits you with a +1 vampiric scythe!
Sigmund draws strength from your wounds!
You hit Sigmund.
Sigmund is lightly wounded.
The ball python barely misses you. The ball python constricts you.
You closely miss Sigmund.
Sigmund is lightly wounded.
You whack Sigmund!
Sigmund is moderately wounded.
Sigmund hits you with a +1 vampiric scythe.
* * * LOW HITPOINT WARNING * * *
The ball python barely misses you. The ball python constricts you.
You hit Sigmund.
Sigmund is heavily wounded.
The ball python bites you but does no damage.
The ball python constricts you.
You closely miss Sigmund. Your headbutt misses Sigmund.
Sigmund is heavily wounded.
Sigmund hits you with a +1 vampiric scythe!
You die...

............#.#
$.....@.......#
......#.<÷.####
######.....#
#.#...# ##
#(#...# ...
#.....####.#
####@>......
#.@........
#.#S[..###
#.#....#
#.#....#
#.#.)..#
#.###### #. .≈


You could see Sigmund and a ball python.

Vanquished Creatures
  An adder (D:2)
  2 bats (D:1)
  2 endoplasms (D:1)
  A giant cockroach (D:1)
  3 goblins
  2 hobgoblins (D:1)
  A quokka (D:1)
  5 kobolds
  2 rats
19 creatures vanquished.

Vanquished Creatures (others)
  3 fungi (D:1)
  4 plants (D:1)
7 creatures vanquished.

Grand Total: 26 creatures vanquished

Notes
Turn   | Place    | Note
-------+----------+-------------------------------------------
     0 | D:1      | snetch the Minotaur Berserker began the quest for the Orb.
     0 | D:1      | Reached XP level 1. HP: 19/19 MP: 0/0
   317 | D:1      | Reached XP level 2. HP: 27/27 MP: 1/1
   579 | D:1      | Found a faded altar of an unknown god.
   624 | D:2      | Noticed Sigmund
  1011 | D:2      | Reached XP level 3. HP: 30/33 MP: 2/2
  1053 | D:2      | Slain by Sigmund

Illustrated notes

Levels and vault maps discovered:
D:1:      dpeg_arrival_oval, layout_loops_ring,
          shapermc_ecumenical_altar_mp_ritualfount
D:2:      layout_basic, serial_shops, nicolae_square_shop,
          serial_bayou_lagoon_a, kennysheep_generic_room_5, uniq_robin,
          uniq_sigmund

Skill      XL: |  1  2 |
---------------+-------+-----
Axes           | 4 |  4.3
Fighting       | 4 |  4.1
Maces & Flails | |  0.5
Armour         | |  2.7
Dodging        | |  2.2
Stealth        | |  0.3

Action                   || total
-------------------------++-------
Melee: Hand axe          ||    11
       Flail             ||    25
       Headbutt          ||     5
       Whip              ||     8
Throw: Stone             ||     5
Invok: Berserk           ||     1
 Stab: Sleeping          ||     1
Armor: Ring mail         ||    21
       Animal skin       ||     2
Dodge: Dodged            ||    40

Table legend: (Time is in decaauts)
 A = Elapsed time spent in this place.
 B = Non-inter-level travel time spent in this place.
 C = Inter-level travel time spent in this place.
 D = Time resting spent in this place.
 E = Time spent auto-exploring this place.
 F = Levels seen in this place.
 G = Mean time per level.
                   A        B        C        D        E       F      G
               +--------+--------+--------+--------+--------+-----+--------+
         Total |   1062 |    991 |     71 |      0 |    728 |   2 |  531.0 |
       Dungeon |   1062 |    991 |     71 |      0 |    728 |   2 |  531.0 |
               +--------+--------+--------+--------+--------+-----+--------+

Top non-repeatable levels by time:
     D:1: 1021 daAuts
     D:2: 40 daAuts
